 Dungeon Crawl Stone Soup version 0.31.0-11-ge490571c62 (webtiles) character file.

Game seed: 17903757994541507347

29 browni3141 the Trooper (level 3, 29/29 HPs)
             Began as a Demonspawn Cinder Acolyte on Jan 31, 2024.
             Was a High Priest of Ignis.
             Got out of the dungeon alive.
             The game lasted 00:00:31 (1225 turns).

browni3141 the Trooper (Demonspawn Cinder Acolyte)  Turns: 1225, Time: 00:00:32

Health: 29/29      AC:  2    Str: 14    XL:     3   Next: 1%
Magic:  5/5        EV: 11    Int: 16    God:    Ignis [*****.]
Gold:   51         SH:  0    Dex:  8    Spells: 5/5 levels left

rFire   + . .        a - -1 mace (flame)
rCold   . . .        (no shield)
rNeg    . . .        b - +0 robe
rPois   .            (no helmet)
rElec   .            (no cloak)
rCorr   .            (no gloves)
SInv    .            (no boots)
Will    .....        (no amulet)
Stlth   +            (no ring)
HPRegen 0.24/turn    (no ring)
MPRegen 0.09/turn

%: no passive effects
@: no status effects
A: foul stench 1
a: Renounce Religion, Fiery Armour, Foxfire Swarm, Rising Flame


You escaped.
You worshipped Ignis.
Ignis was extremely pleased with you.
You visited 1 branch of the dungeon, and saw 2 of its levels.

You collected 51 gold pieces.

Inventory:

Hand Weapons
 a - a -1 mace of flaming (weapon)
Missiles
 d - 3 boomerangs (quivered)
Armour
 b - a +0 robe (worn)
Scrolls
 f - a scroll of noise {unknown}
 g - a scroll of fear {unknown}
 h - 2 scrolls of poison {unknown}
 i - a scroll of blinking {unknown}
 j - a scroll of identify {unknown}
Potions
 c - a potion of resistance {unknown}
 e - 2 potions of curing {unknown}


   Skills:
 + Level 3.3 Fighting
 + Level 3.0 Maces & Flails
 + Level 1.5 Spellcasting
 + Level 3.0 Fire Magic


You had 5 spell levels left.
You didn't know any spells.
Your spell library contained the following spells:

 Spells                   Type           Power      Damage    Failure   Level
 Scorch                   Fire           20%        2d5       10%         2


Dungeon Overview and Level Annotations

Branches:
Dungeon (2/15)

Altars:


Innate Abilities, Weirdness & Mutations

You may rarely emit foul miasma when damaged in melee.


Message History

You hit the quokka. You burn the quokka.
The quokka is severely wounded.
The quokka bites you.
A quokka is nearby!
You hit the quokka. You burn the quokka.
You kill the quokka!
You see here a +1 heavy hand axe.
You see here a +2 hat.
You see here a ball python corpse.
Found a stone staircase leading down.
No target in view!
There is a stone staircase leading down here.
h - a scroll labelled UPAGOE YNUC No target in view!
i - a scroll labelled ARYILIZADI No target in view!
h - 2 scrolls labelled UPAGOE YNUC (gained 1)
A rat comes into view.
The rat squeaks loudly.
A rat is nearby!
The rat misses you.
A rat is nearby!
You barely miss the rat. The rat closely misses you. The rat bites you.
A rat is nearby!
You barely miss the rat. The rat closely misses you.
A rat is nearby!
You hit the rat. You burn the rat.
You kill the rat!
Your Fire Magic skill increases to level 3!
Found a stone staircase leading down.
No target in view!
j - a scroll labelled OLENTEEDAL A bat comes into view.
The bat closely misses you.
A bat is nearby!
You hit the bat. You burn the bat.
You kill the bat!
A ball python comes into view.
The ball python hisses angrily.
A rat comes into view.
The rat squeaks loudly.
There are monsters nearby!
The ball python bites you. The ball python barely misses you.
There are monsters nearby!
You hit the ball python. You burn the ball python.
The ball python is heavily wounded.
Something unseen opens the door.
The ball python closely misses you. x2
A hobgoblin comes into view.
There are monsters nearby!
You closely miss the ball python.
The ball python is heavily wounded.
The hobgoblin shouts!
The ball python misses you. The ball python grabs you.
The ball python constricts you. The ball python barely misses you.
The ball python constricts you.
There are monsters nearby!
You closely miss the ball python.
The ball python is heavily wounded.
The ball python barely misses you. The ball python constricts you.
The rat closely misses you.
There are monsters nearby!
You sock the ball python! You burn the ball python.
You kill the ball python!
The rat bites you but does no damage.
There are monsters nearby!
You hit the rat. You burn the rat.
You kill the rat!
A hobgoblin is nearby!
The hobgoblin hits you.
You see here a rat corpse.
You hit the hobgoblin but do no damage. The hobgoblin hits you.
A hobgoblin is nearby!
You completely miss the hobgoblin. The hobgoblin hits you.
You hit the hobgoblin. You burn the hobgoblin.
The hobgoblin is heavily wounded.
The hobgoblin completely misses you.
You hit the hobgoblin. You burn the hobgoblin.
You kill the hobgoblin!
You open the door.
An endoplasm comes into view.
The endoplasm quivers.
The endoplasm barely misses you.
There is an open door here.
An endoplasm is nearby!
You hit the endoplasm but do no damage. The endoplasm barely misses you.
An endoplasm is nearby!
You hit the endoplasm but do no damage. The endoplasm closely misses you.
An endoplasm is nearby!
You sock the endoplasm! You burn the endoplasm.
You kill the endoplasm!
You have reached level 3!
Your experience leads to an increase in your attributes!
Increase (S)trength, (I)ntelligence, or (D)exterity?
You feel clever. x2
There is a stone staircase leading up here.
You climb upwards.
There is a stone staircase leading down here.
Why would you want to do that?
There is a staircase leading out of the dungeon here.
You have escaped!

#.# #.#..#######.......#.# #.#
#.##......######.###.# #.#
#.#..####..# #..##.# #.###.#.##
##.# ##.##.####### #...§...#
#.######..#.......# ##......##
##......#..#######.#
#..≈≈§≈..####..≈≈≈≈.......#..#.#
#.≈≈≈≈≈≈......≈≈≈≈≈≈.........#.#
#§≈≈§§≈≈§.....≈≈@>≈≈......##.#.#
#§≈≈≈§≈≈§.....≈.≈≈≈≈.........#.#
#..≈≈≈§.§.#....≈≈≈≈.....#.#..#.#
.#.......#.............##.#..#.#
..........................#..#.#
########.....##>.......#######.#
#.....######............#
#.....######....#########
#.....#.........#


There were no monsters in sight!

Vanquished Creatures
  5 endoplasms
  A giant cockroach (D:1)
  A goblin (D:1)
  4 hobgoblins
  3 kobolds
  2 quokkas
  4 ball pythons (D:2)
  A bat (D:2)
  3 frilled lizards (D:1)
  3 rats
27 creatures vanquished.

Notes
Turn   | Place    | Note
-------+----------+-------------------------------------------
     0 | D:1      | browni3141 the Demonspawn Cinder Acolyte began the quest
                  | for the Orb.
     0 | D:1      | Reached XP level 1. HP: 18/18 MP: 2/2
   271 | D:1      | Gained mutation: You may rarely emit foul miasma when
                  | damaged in melee. [demonic ancestry]
   271 | D:1      | Reached XP level 2. HP: 22/24 MP: 3/3
  1194 | D:2      | Reached XP level 3. HP: 29/29 MP: 5/5
  1225 | D:$      | Got out of the dungeon alive.

Illustrated notes

Levels and vault maps discovered:
D:1:      dpeg_arrival_pits, layout_basic, corexii_item_surrounded_by_moat
D:2:      layout_basic

Skill      XL: |  1  2 |
---------------+-------+-----
Maces & Flails | 3 |  3.0
Fire Magic     | 3 |  3.0
Fighting       | |  3.3
Spellcasting   | |  1.5

Action                     || total
---------------------------++-------
  Melee: Mace              ||    81
 Armour: Robe              ||    36
  Dodge: Dodged            ||    58
